 Dungeon Crawl Stone Soup version 0.20.1-1-g8b1a95d (webtiles) character file.

50 slep the Skirmisher (level 4, -1/31 HPs)
             Began as a Halfling Abyssal Knight on Nov 1, 2017.
             Was a Follower of Lugonu.
             Slain by an orc (2 damage)
             ... on level 2 of the Dungeon.
             The game lasted 00:04:21 (1142 turns).

slep the Skirmisher (Halfling Abyssal Knight)       Turns: 1142, Time: 00:04:25

Health: -1/31      AC:  3    Str: 13    XL:     4   Next: 4%
Magic:  5/5        EV: 13    Int: 10    God:    Lugonu [*.....]
Gold:   91         SH:  0    Dex: 14    Spells: 3/3 levels left

rFire    . . .     SeeInvis .   a - +1 falchion
rCold    . . .     Gourm    .   (shield restricted)
rNeg     . . .     Faith    .   b - +0 leather armour
rPois    .         Spirit   .   (no helmet)
rElec    .         Reflect  .   (no cloak)
rCorr    .         Harm     .   (no gloves)
MR       .....                  (no boots)
Stlth    +.........             (no amulet)
Regen    0.1/turn               (no ring)
MPRegen  0.1/turn               (no ring)

@: no status effects
A: mutation resistance 1
a: Depart the Abyss, Renounce Religion


You were on level 2 of the Dungeon.
You worshipped Lugonu.
Lugonu was aware of your devotion.
You were not hungry.

You visited 1 branch of the dungeon, and saw 2 of its levels.
You visited the Abyss 1 time.

You collected 91 gold pieces.

Inventory:

Hand Weapons
 a - a +1 falchion (weapon)
 p - a cursed -2 dagger
Armour
 b - a +0 leather armour (worn)
Scrolls
 d - a scroll of amnesia {unknown}
 h - a scroll of enchant weapon {unknown}
 j - a scroll of random uselessness {unknown}
 m - a scroll of enchant armour {unknown}
 n - a scroll of immolation {unknown}
 q - 3 scrolls of identify {unknown}
 s - a scroll of teleportation {unknown}
Potions
 e - a potion of lignification {unknown}
 g - a potion of resistance {unknown}
 k - 2 potions of degeneration {unknown}
 l - a potion of flight {unknown}
 o - a potion of curing {unknown}
Comestibles
 c - a bread ration
 f - 4 fruits
 i - 2 meat rations
 r - 4 chunks of flesh


   Skills:
 + Level 3.5 Fighting
 + Level 2.6 Long Blades
 + Level 2.5 Armour
 + Level 1.2 Dodging
 + Level 2.1 Invocations


You had 3 spell levels left.
You didn't know any spells.

Dungeon Overview and Level Annotations

Branches:
Dungeon (2/15)

Altars:


Innate Abilities, Weirdness & Mutations

You are small and have problems with some larger weapons.
You are somewhat resistant to further mutation.


Message History

2 orcs come into view.
An orc comes into view. It is wielding a mace.
The orc shouts! 2 orcs come into view.
The orc shouts! x3
The orc priest calls down the wrath of Beogh upon you.
Beogh smites you!
The orc shouts!
You closely miss the orc priest. You hit the orc priest.
The orc priest is lightly wounded.
The orc priest hits you with a hand axe.
The orc closely misses you.
You barely miss the orc priest.
The orc priest is lightly wounded.
The orc priest mumbles some strange prayers to Beogh against you.
Beogh smites you!
* * * LOW HITPOINT WARNING * * *
The orc hits you.
You die...

###.##...# #######.
.....#...###....##.
...........'>......
#......###....##. #
#...#.## #....##. ...##
...#...####.#####'
##....####.#......#.##....
.......ooo.#...##.#.##....
#.......#@.#.#.##.#.##....
#.#..o#.#....#..#.........
#......o#...##...##.######
#...o.o.#...###..##.#
#......o#...####.##.#
#.#...#.#.........#.#
#.......#.........#.# .
#..o. #.######....# # #$⌠$
##.# #.#..#####.


You could see an orc priest and 2 orcs.

Vanquished Creatures
  2 adders (D:2)
  A leopard gecko (D:1)
  3 giant cockroaches
  4 goblins
  6 hobgoblins
  2 jackals (D:1)
  5 kobolds
  A quokka (D:2)
  A bat (D:1)
  A frilled lizard (D:2)
  2 rats (D:1)
28 creatures vanquished.

Notes
Turn   | Place    | Note
-------+----------+-------------------------------------------
     0 | Abyss:1  | slep the Halfling Abyssal Knight began the quest for the Orb.
     0 | Abyss:1  | Reached XP level 1. HP: 15/15 MP: 2/2
    40 | Abyss:1  | Noticed a green very ugly thing
    47 | D:1      | Escaped the Abyss
    95 | D:1      | Reached skill level 3 in Fighting
   111 | D:1      | Reached XP level 2. HP: 21/21 MP: 3/3
   556 | D:1      | Reached * piety under Lugonu
   556 | D:1      | Reached XP level 3. HP: 26/26 MP: 4/4
   980 | D:2      | Reached XP level 4. HP: 21/31 MP: 5/5
  1142 | D:2      | HP: 1/31 [orc priest/divine providence (14)]
  1142 | D:2      | Slain by an orc

Skill      XL: |  1 |
---------------+----+-----
Fighting       | 3 |  3.5
Long Blades    | |  2.6
Armour         | |  2.5
Dodging        | |  1.2
Invocations    | |  2.1

Action                   |  1- 3 |  4- 6 || total
-------------------------+-------+-------++-------
Melee: Falchion          |    82 |     8 ||    90
Invok: Depart the Abyss  |     1 |       ||     1
  Eat: Chunk             |       |     1 ||     1
Armor: Leather armour    |    21 |     1 ||    22
Dodge: Dodged            |    52 |     3 ||    55
       Rpst.: Falchion   |    11 |     1 ||    12
